 Dungeon Crawl Stone Soup version 0.26-a0-658-gbdda728c12 (webtiles) character file.

Game seed: 4470963212501743691

2086 looop the Spear-Bearer (level 9, -8/72 HPs)
             Began as a Demonspawn Fighter on Oct 4, 2020.
             Hit by a silver boomerang thrown by an orc warrior (12 damage)
             ... on level 6 of the Dungeon on Oct 9, 2020.
             The game lasted 00:07:06 (5157 turns).

looop the Spear-Bearer (Demonspawn Fighter)         Turns: 5157, Time: 00:07:07

Health: -8/72      AC:  9    Str: 19    XL:     9   Next: 6%
Magic:  9/9        EV: 10    Int: 10    God:
Gold:   346        SH:  9    Dex: 13    Spells: 8/8 levels left

rFire    . . .     SeeInvis .   a - +0 trident
rCold    . . .     Faith    +   c - +0 kite shield
rNeg     . . .     Spirit   .   b - +0 scale mail
rPois    .         Reflect  .   k - +2 helmet
rElec    .         Harm     .   (no cloak)
rCorr    .         Rampage  .   (no gloves)
MR       .....                  (no boots)
Stlth    ..........             u - amulet of faith
HPRegen  0.22/turn              (no ring)
MPRegen  0.11/turn              (no ring)

@: lightly drained
A: talons 2, repulsion field 2, demonic guardian 1
a: no special abilities


You were on level 6 of the Dungeon.
You visited 1 branch of the dungeon, and saw 6 of its levels.
You also visited: Sewer.

You collected 346 gold pieces.

Inventory:

Hand Weapons
 a - a +0 trident (weapon)
Armour
 b - a +0 scale mail (worn)
 c - a +0 kite shield (worn)
 k - a +2 helmet (worn)
Jewellery
 u - an amulet of faith (around neck)
Wands
 m - a wand of polymorph (7)
 x - a wand of random effects (18)
Scrolls
 f - 7 scrolls of identify {unknown}
 g - 2 scrolls of amnesia {unknown}
 h - a scroll of fog {unknown}
 i - 5 scrolls of remove curse {unknown}
 l - 2 scrolls of teleportation {unknown}
 o - a scroll of random uselessness {unknown}
 q - 4 scrolls of enchant armour {unknown}
 r - a scroll of blinking {unknown}
 s - 4 scrolls of fear {unknown}
 t - 3 scrolls of enchant weapon {unknown}
 v - a scroll of noise {unknown}
 y - a scroll of immolation {unknown}
Potions
 d - 2 potions of might
 e - a potion of lignification {unknown}
 j - 4 potions of curing
 n - a potion of magic
 p - a potion of ambrosia {unknown}
 w - a potion of stabbing {unknown}
 z - a potion of berserk rage {unknown}


   Skills:
 + Level 7.4(7.2) Fighting
 * Level 9.2(9.0) Polearms
 - Level 2.6(2.5) Armour
 - Level 2.6(2.5) Shields


You had 8 spell levels left.
You didn't know any spells.
Your spell library was empty.

Dungeon Overview and Level Annotations

Branches:
Dungeon (6/15)              Sewer (visited)
 Temple: D:4-7

Altars:
Cheibriados
Fedhas
Hepliaklqana
Qazlal
Wu Jian
Xom
Zin

Shops:
D:3 *   D:6 [


Innate Abilities, Weirdness & Mutations

You have razor-sharp toenails.
You are surrounded by a moderate repulsion field. (EV +3)
A weak demonic guardian rushes to your aid.


Message History

* * * LOW HITPOINT WARNING * * *
Your quasit bites the orc warrior but does no damage.
Your quasit claws the orc warrior but does no damage. x2
The orc warrior closely misses your quasit.
The orc wizard hits you with a +0 dagger of speed.
* * * LOW HITPOINT WARNING * * *
You closely miss the orc wizard. You claw the orc wizard.
The orc wizard is almost dead.
Your quasit bites the orc warrior.
Your quasit claws the orc warrior but does no damage. x2
The orc wizard hits you but does no damage.
The orc warrior hits your quasit with a +0 dire flail!
Your quasit dies!
The orc warrior shouts!
You miss the orc wizard.
The orc wizard is almost dead.
You block the orc wizard's attack. The orc wizard barely misses you.
The orc warrior throws a silver boomerang.
The silver boomerang hits you!
You die...

####### #......(.
......# #)#........#
#####.# #.#........ ..#
#)#....... #.# #)#.#....
#.###+#+####.#)#...
...........#.#)#..
####........o#!#.#
.............#.#@#.####
.............o...o......
####.............#.#.#.#
#.............#.#
#...........).# #
.................#
###############..# ##.#
..#


You could see an orc warrior and an orc wizard (fast).

Vanquished Creatures
  Eustachio (D:4)
  An ice beast (D:5)
  An orc warrior (D:6)
  3 ogres
  2 centaurs (D:5)
  3 wights (D:6)
  A centaur zombie (D:5)
  5 orc priests
  6 orc wizards
  A gnoll shaman (D:6)
  An iguana (D:5)
  2 worker ants (D:4)
  A worker ant zombie (D:6)
  11 adders
  A gnoll (D:6)
  A howler monkey skeleton (D:5)
  A river rat (D:3)
  14 oozes
  3 adder skeletons
  2 worms
  14 leopard geckos
  25 orcs
  19 giant cockroaches
  5 goblins
  11 hobgoblins
  10 jackals
  8 ball pythons
  7 bats
  13 frilled lizards
  8 kobolds
  A leopard gecko skeleton (D:4)
  12 rats
194 creatures vanquished.

Vanquished Creatures (collateral kills)
  Grinder (D:4)
  An ogre (D:4)
  2 bullfrogs (Sewer)
  A wight (D:6)
  A hound (D:6)
  An orc wizard (D:4)
  2 gnolls (D:6)
  An adder skeleton (D:4)
  A dart slug (D:4)
  2 leopard geckos (Sewer)
  2 orcs (D:4)
  A quokka skeleton (D:6)
16 creatures vanquished.

Grand Total: 210 creatures vanquished

Notes
Turn   | Place    | Note
-------+----------+-------------------------------------------
     0 | D:1      | looop the Demonspawn Fighter began the quest for the Orb.
     0 | D:1      | Reached XP level 1. HP: 18/18 MP: 1/1
    34 | D:1      | Reached skill level 2 in Polearms
   156 | D:1      | Gained mutation: A weak demonic guardian rushes to your
                  | aid. [demonic ancestry]
   156 | D:1      | Reached XP level 2. HP: 24/24 MP: 2/2
   650 | D:1      | Reached XP level 3. HP: 29/29 MP: 3/3
   880 | D:2      | You fall into a shaft and drop 2 floors!
   886 | D:4      | Reached skill level 3 in Polearms
   897 | D:4      | Reached XP level 4. HP: 22/37 MP: 4/4
  1034 | D:4      | Noticed Eustachio
  1046 | D:4      | Killed Eustachio
  1046 | D:4      | Reached skill level 4 in Polearms
  1046 | D:4      | Gained mutation: You are surrounded by a mild repulsion
                  | field. (EV +2) [demonic ancestry]
  1046 | D:4      | Reached XP level 5. HP: 41/43 MP: 5/5
  1303 | D:4      | Gained mutation: You have sharp toenails. [demonic
                  | ancestry]
  1303 | D:4      | Reached XP level 6. HP: 44/49 MP: 6/6
  1399 | D:4      | Reached skill level 5 in Polearms
  1687 | D:3      | Found Zin's Purification Station.
  1689 | D:3      | Found a glowing silver altar of Zin.
  1743 | D:3      | Found a glowing drain.
  1761 | Sewer    | Entered a sewer
  2031 | Sewer    | Reached skill level 5 in Fighting
  2247 | Sewer    | Reached XP level 7. HP: 50/56 MP: 7/7
  2255 | Sewer    | Reached skill level 6 in Polearms
  2764 | D:2      | Found a blossoming altar of Fedhas.
  3082 | D:3      | Found a shimmering altar of Xom.
  3140 | D:4      | Noticed Grinder
  3152 | D:4      | Killed Grinder
  3348 | D:4      | Reached skill level 7 in Polearms
  3539 | D:5      | Entered Level 5 of the Dungeon
  3547 | D:5      | Gained mutation: You have razor-sharp toenails. [demonic
                  | ancestry]
  3547 | D:5      | Reached XP level 8. HP: 49/64 MP: 8/8
  3884 | D:5      | Found a snail-covered altar of Cheibriados.
  4046 | D:5      | Reached skill level 8 in Polearms
  4142 | D:5      | Found a stormy altar of Qazlal.
  4499 | D:5      | Found an ornate altar of the Wu Jian Council.
  4499 | D:5      | Found a hazy altar of Hepliaklqana.
  4530 | D:6      | Found Moojyxt's Armour Shop.
  5074 | D:6      | Reached skill level 9 in Polearms
  5080 | D:6      | Gained mutation: You are surrounded by a moderate repulsion
                  | field. (EV +3) [demonic ancestry]
  5080 | D:6      | Reached XP level 9. HP: 54/72 MP: 9/9
  5157 | D:6      | Hit by a silver boomerang thrown by an orc warrior

Illustrated notes

Levels and vault maps discovered:
D:1:      scummos_arrival_forest, layout_basic
D:2:      layout_basic, fedhas_altar_fruit_tree
D:3:      layout_rooms, zin_purify, marbit_many_paths, portal_sewer_entry_a,
          dk_noncrumbling_2, grunt_ministairs_7
D:4:      layout_gridville, minmay_between, uniq_grinder, uniq_eustachio
D:5:      layout_loops_ring, nicolae_overflow_crystal_walls,
          nicolae_qazlal_general_emergency,
          chequers_temple_overflow_statue_of_worship
D:6:      layout_basic, kennysheep_little_box,
          minmay_temple_entry_enclosed_plants, serial_shops, shop

Skill      XL: |  1  2  3  4  5  6  7  8 |
---------------+-------------------------+-----
Polearms       | 2 3 4 5 7 9 |  9.2
Fighting       | 4 5 6 7 |  7.4
Armour         | |  2.6
Shields        | |  2.6

Action                   |  1- 3 |  4- 6 |  7- 9 || total
-------------------------+-------+-------+-------++-------
Melee: Trident           |    98 |   278 |   360 ||   736
       Kick              |       |    53 |    78 ||   131
  Use: Potion            |     4 |       |       ||     4
 Stab: Distracted        |       |       |     1 ||     1
Armor: Scale mail        |    45 |   105 |    88 ||   238
Dodge: Dodged            |    28 |    84 |    92 ||   204
Block: Kite shield       |    37 |   133 |   116 ||   286

Table legend: (Time is in decaauts)
 A = Elapsed time spent in this place.
 B = Non-inter-level travel time spent in this place.
 C = Inter-level travel time spent in this place.
 D = Time resting spent in this place.
 E = Time spent auto-exploring this place.
 F = Levels seen in this place.
 G = Mean time per level.
                   A        B        C        D        E       F      G
               +--------+--------+--------+--------+--------+-----+--------+
         Total |   5263 |   5141 |    122 |    299 |   3498 |   7 |  751.9 |
       Dungeon |   4608 |   4486 |    122 |    299 |   3162 |   6 |  768.0 |
         Sewer |    654 |    654 |      0 |      0 |    336 |   1 |  654.0 |
               +--------+--------+--------+--------+--------+-----+--------+

Top non-repeatable levels by time:
     D:5: 988 daAuts
     D:4: 953 daAuts
     D:1: 895 daAuts
   Sewer: 654 daAuts
     D:3: 642 daAuts
     D:6: 620 daAuts
     D:2: 506 daAuts
